[ AOE2 MATCH · #494581867 ]
UnrankedVietnamese vs Teutons
Player's team · WIN
Rival team · LOSS
[ REPLAY ANALYSIS · EXTRACTED FROM THE RECORDED GAME ]
Feudal
9:23
Castle
23:27
Imperial
—
| APM avg | 50.1 |
| APM peak | 93 |
| eAPM avg | 21.4 |
| Villagers / military | 53 / 28 |
Focus
⚔️ 46.1% · 🌾 53.9%
Archer ×21 · Militia ×3 · Mangonel ×3 · Battering Ram ×1
Feudal
9:22
Castle
—
Imperial
—
| APM avg | 36.9 |
| APM peak | 119 |
| eAPM avg | 19.2 |
| Villagers / military | 44 / 4 |
Focus
⚔️ 37.3% · 🌾 62.7%
Scout Cavalry ×4
Match map
Initial resources + every placement click. Lines = walls · curves = elevation contours. ◆ gold · ⬟ stone · ● berries · ✦ relic · ◌ wall gap
Your base· Open — unwalled flank
Kamil's base· Open — unwalled flank
Smoothed initial terrain · ◌ = detected wall gap · hover for details
Inputs per minute
— flxpa21 - - Kamil
Build order — flxpa21
137 actions detected in the replay
| 0:00 | Create | Villager (Male) ×4 |
| 0:02 | Build | House |
| 0:05 | Build | House |
| 1:24 | Create | Villager (Male) |
| 1:53 | Build | Lumber Camp |
| 2:13 | Create | Villager (Male) |
| 2:18 | Create | Villager (Male) |
| 2:51 | Create | Villager (Male) |
| 3:22 | Create | Villager (Male) |
| 3:22 | Create | Villager (Male) |
| 3:30 | Create | Villager (Male) |
| 3:34 | Build | House |
| 4:04 | Create | Villager (Male) |
| 4:23 | Build | Mill |
| 4:28 | Create | Villager (Male) |
| 4:59 | Create | Villager (Male) |
| 5:01 | Create | Villager (Male) |
| 5:18 | Create | Villager (Male) |
| 5:37 | Create | Villager (Male) |
| 5:37 | Research | Loom |
| 6:48 | Build | Barracks |
| 7:07 | Research | Feudal Age |
| 7:15 | Build | House |
| 7:18 | Build | House |
| 7:54 | Create | Militia |
| 7:54 | Create | Militia |
| 7:54 | Create | Militia |
| 7:58 | Build | House |
| 8:48 | Create | Villager (Male) |
| 9:19 | Build | House |
| 9:22 | Build | Mining Camp |
| 9:23 | Age | Feudal Age |
| 9:37 | Create | Villager (Male) |
| 10:11 | Build | Archery Range |
| 10:20 | Research | Man-at-Arms (upgrade) |
| 10:21 | Research | Double-Bit Axe |
| 10:31 | Create | Villager (Male) |
| 10:48 | Create | Archer |
| 11:17 | Create | Villager (Male) |
| 11:19 | Create | Archer |
| 11:32 | Create | Villager (Male) |
| 11:35 | Create | Archer |
| 11:41 | Build | Watch Tower |
| 12:29 | Create | Villager (Male) |
| 12:33 | Create | Villager (Male) |
| 12:38 | Build | Mill |
| 13:22 | Build | Lumber Camp |
| 13:27 | Create | Villager (Male) |
| 13:59 | Create | Archer |
| 14:00 | Create | Archer |
| 14:02 | Build | House |
| 14:26 | Build | Blacksmith |
| 14:59 | Create | Villager (Male) |
| 15:07 | Build | House |
| 15:08 | Build | House |
| 15:12 | Create | Villager (Male) |
| 15:22 | Build | Mill |
| 15:26 | Build | House |
| 15:46 | Build | Palisade Wall |
| 15:48 | Build | Palisade Wall |
| 15:49 | Build | Palisade Wall |
| 15:58 | Create | Archer |
| 15:58 | Create | Archer |
| 15:58 | Create | Archer |
| 16:18 | Create | Villager (Male) |
| 16:25 | Research | Fletching |
| 16:34 | Create | Archer |
| 16:34 | Create | Archer |
| 16:50 | Create | Archer |
| 17:10 | Create | Villager (Male) |
| 17:31 | Create | Villager (Male) |
| 17:34 | Create | Villager (Male) |
| 17:38 | Create | Archer |
| 17:39 | Create | Villager (Male) |
| 17:51 | Build | Mill |
| 18:07 | Build | Farm |
| 18:07 | Build | Farm |
| 18:15 | Build | Mining Camp |
| 18:25 | Create | Villager (Male) |
| 18:30 | Build | Farm |
| 18:32 | Build | Farm |
| 18:43 | Build | Market |
| 18:53 | Build | Farm |
| 19:18 | Build | House |
| 19:48 | Build | Lumber Camp |
| 20:47 | Research | Castle Age |
| 20:48 | Research | Castle Age |
| 21:16 | Build | Mining Camp |
| 21:31 | Create | Archer |
| 22:05 | Create | Villager (Male) |
| 22:33 | Research | Stone Mining |
| 23:06 | Create | Villager (Male) |
| 23:21 | Create | Villager (Male) |
| 23:27 | Age | Castle Age |
| 23:31 | Research | Crossbowman (upgrade) |
| 23:33 | Research | Bodkin Arrow |
| 23:42 | Build | Siege Workshop |
| 23:48 | Create | Villager (Male) |
| 23:52 | Build | Farm |
| 24:37 | Build | House |
| 25:18 | Create | Villager (Male) |
| 25:43 | Create | Mangonel |
| 25:51 | Build | Lumber Camp |
| 25:53 | Research | Bow Saw |
| 26:20 | Build | Lumber Camp |
| 26:26 | Create | Villager (Male) |
| 26:26 | Create | Villager (Male) |
| 26:27 | Create | Villager (Male) |
| 26:27 | Create | Villager (Male) |
| 26:40 | Build | House |
| 26:45 | Create | Villager (Male) |
| 27:25 | Create | Villager (Male) |
| 27:31 | Create | Mangonel |
| 27:36 | Create | Villager (Male) |
| 28:19 | Create | Villager (Male) |
| 28:27 | Build | Town Center |
| 29:13 | Create | Archer |
| 29:14 | Create | Archer |
| 29:15 | Build | House |
| 29:16 | Build | House |
| 29:37 | Build | House |
| 29:39 | Create | Villager (Male) ×5 |
| 29:57 | Build | Castle |
| 30:20 | Create | Archer |
| 30:20 | Create | Archer |
| 30:28 | Build | University |
| 30:39 | Create | Archer |
| 30:42 | Create | Battering Ram |
| 30:48 | Create | Villager (Male) ×2 |
| 31:06 | Create | Archer |
| 31:16 | Create | Mangonel |
| 31:29 | Create | Archer |
| 31:43 | Build | Farm |
| 31:53 | Create | Archer |
| 32:00 | Research | Ballistics |
| 32:02 | Build | Farm |
| 32:02 | Build | Farm |
Build order — Kamil
105 actions detected in the replay
| 0:01 | Create | Villager (Male) |
| 0:01 | Create | Villager (Male) |
| 0:02 | Build | House |
| 0:04 | Build | House |
| 0:22 | Create | Villager (Male) |
| 0:28 | Create | Villager (Male) |
| 1:26 | Create | Villager (Male) |
| 1:59 | Create | Villager (Male) |
| 2:21 | Create | Villager (Male) |
| 2:21 | Create | Villager (Male) |
| 2:34 | Build | House |
| 2:51 | Create | Villager (Male) |
| 3:09 | Create | Villager (Male) |
| 3:09 | Create | Villager (Male) |
| 3:42 | Create | Villager (Male) |
| 4:01 | Create | Villager (Male) |
| 4:42 | Create | Villager (Male) |
| 4:42 | Create | Villager (Male) |
| 4:42 | Create | Villager (Male) |
| 4:43 | Create | Villager (Male) |
| 4:54 | Create | Villager (Male) |
| 5:17 | Create | Villager (Male) |
| 6:17 | Build | Lumber Camp |
| 6:26 | Build | Mining Camp |
| 6:29 | Research | Loom |
| 7:07 | Research | Feudal Age |
| 8:48 | Build | House |
| 8:54 | Build | House |
| 9:17 | Create | Villager (Male) |
| 9:22 | Age | Feudal Age |
| 9:24 | Build | Watch Tower |
| 9:42 | Build | Watch Tower |
| 9:45 | Create | Villager (Male) |
| 9:46 | Create | Villager (Male) |
| 9:51 | Create | Villager (Male) |
| 10:20 | Create | Villager (Male) |
| 10:25 | Build | Watch Tower |
| 10:41 | Create | Villager (Male) |
| 11:37 | Build | Watch Tower |
| 11:42 | Create | Villager (Male) |
| 11:42 | Create | Villager (Male) |
| 12:05 | Create | Villager (Male) |
| 12:29 | Build | House |
| 12:44 | Build | Palisade Wall |
| 14:08 | Build | Mining Camp |
| 14:18 | Build | Watch Tower |
| 14:25 | Create | Villager (Male) |
| 15:03 | Build | Watch Tower |
| 15:24 | Build | Watch Tower |
| 15:26 | Create | Villager (Male) |
| 16:10 | Build | House |
| 16:25 | Build | Watch Tower |
| 18:06 | Build | Mill |
| 18:20 | Build | Blacksmith |
| 18:44 | Create | Villager (Male) |
| 18:44 | Create | Villager (Male) |
| 18:50 | Research | Fletching |
| 18:59 | Build | Watch Tower |
| 19:44 | Build | Farm |
| 19:49 | Create | Villager (Male) |
| 20:00 | Create | Villager (Male) |
| 20:24 | Build | Farm |
| 20:45 | Create | Villager (Male) |
| 20:49 | Build | Farm |
| 20:59 | Create | Villager (Male) |
| 21:33 | Build | Watch Tower |
| 21:35 | Create | Villager (Male) |
| 21:59 | Create | Villager (Male) |
| 22:03 | Build | Farm |
| 22:15 | Build | Watch Tower |
| 22:17 | Create | Villager (Male) |
| 22:31 | Create | Villager (Male) |
| 22:34 | Build | Farm |
| 22:55 | Build | Watch Tower |
| 22:57 | Build | House |
| 22:58 | Build | House |
| 23:30 | Build | Farm |
| 24:08 | Build | Watch Tower |
| 24:25 | Build | Farm |
| 24:26 | Build | Farm |
| 24:43 | Build | Watch Tower |
| 24:48 | Create | Villager (Male) |
| 25:03 | Create | Villager (Male) |
| 25:46 | Create | Villager (Male) |
| 26:00 | Build | Watch Tower |
| 26:21 | Create | Villager (Male) |
| 26:49 | Build | Lumber Camp |
| 26:52 | Build | Lumber Camp |
| 28:20 | Build | Watch Tower |
| 28:23 | Build | Watch Tower |
| 28:46 | Build | Barracks |
| 28:58 | Build | Barracks |
| 29:44 | Build | Stable |
| 30:12 | Create | Scout Cavalry |
| 30:18 | Build | Mining Camp |
| 30:40 | Build | Mill |
| 30:46 | Create | Scout Cavalry |
| 30:46 | Create | Scout Cavalry |
| 31:10 | Create | Scout Cavalry |
| 31:34 | Build | Farm |
| 31:34 | Build | Farm |
| 31:35 | Build | Farm |
| 31:35 | Build | Farm |
| 31:35 | Build | Farm |
| 31:48 | Research | Bloodlines |
Match timeline
| 6:48 | flxpa21 · first_building Barracks |
| 9:22 | Kamil · age_up feudal |
| 9:23 | flxpa21 · age_up feudal |
| 10:11 | flxpa21 · first_building Archery Range |
| 12:44 | Kamil · wall_segment Palisade Wall x1 |
| 15:46 | flxpa21 · wall_segment Palisade Wall x5 |
| 15:48 | flxpa21 · wall_segment Palisade Wall x2 |
| 15:49 | flxpa21 · wall_segment Palisade Wall x1 |
| 20:41 | flxpa21 · first_market_buy 100 food |
| 20:42 | flxpa21 · first_market_sell 100 wood |
| 23:27 | flxpa21 · age_up castle |
| 23:42 | flxpa21 · first_building Siege Workshop |
| 28:46 | Kamil · first_building Barracks |
| 29:44 | Kamil · first_building Stable |
| 29:57 | flxpa21 · first_building Castle |
| 32:42 | Kamil · resign |
[ AI ANALYSIS · 1 CREDIT ]
What really happened in this match?
Wolo.gg analyzes every decision: build order, eco, micro, common mistakes by bracket. Personalized analysis on WhatsApp or Discord in 30 seconds.
Civ guide
Vietnamese
Perfil
Jugador #23543003